Arrhythmia, chaotic female vampiric Convict ------ |....| --------- ##-.>..-# #..<......#######|.{..|# #|.......| ### ------# |%.....^. # --------- ### # --------------- ##........@.....| |.......Zq....| 0#######-M............| |......<......| |.............| --------------- Arrhythmia the Prisoner Experience level: 10 Strength: 16 Dexterity: 12 Constitution: 19 Intelligence: 9 Wisdom: 9 Charisma: 8 Health: 0(123) Energy: 52(52) AC: -7 Gold: 51 Moves: 9753 Your Inventory: Coins $ - 51 gold pieces Armor I - a [blessed] +1 pair of iron shoes (being worn) K - an [uncursed] +0 robe (being worn) P - an [uncursed] +0 dwarvish mithril-coat (being worn) Q - an [uncursed] rusty +0 large round shield [dwarvish roundshield] (being worn) V - an [uncursed] +0 hard hat [dwarvish iron helm] (being worn) Comestibles E - an [uncursed] Hot Futa Mare Dick named Lucky charm Rings t - an [uncursed] ring of protection from shape changers Wands e - an [uncursed] wand of undead turning [0:2] Tools a - an [uncursed +0] unicorn horn H - an [uncursed] can of grease [0:8] M - an [uncursed tooled] horn W - an [uncursed] skeleton key (alternate weapon; not wielded) Spells known in the end: Name Level Category Fail Memory Your skills at the end: Fighting Skills body armor [Basic / Skilled] shield [Basic / Basic] Weapon Skills sling [Basic / Skilled] Spellcasting Skills Final Attributes: You were piously aligned. Hunger level was 83. Your alignment was 58 / 58. Monster difficulty range was 1 - 10. Level difficulty was 11. You were immune to poison. You were immune to level-drain. You were immune to sickness. You could fly. You could survive without air. You regenerated. Your luck was zero. You are dead. Vanquished creatures: a long worm a stalker 4 small mimics an ettin mummy a wood golem a large dog a freezing sphere a large cat a gargoyle a dwarf king a leocrotta a wraith a leather golem a succubus a crocodile a quivering blob a cockatrice 3 wolves 2 winter wolf cubs a lynx 33 leprechauns 3 ice vortices 2 black lights a dwarf mummy 2 brown puddings 2 owlbears a yeti a lizard a housecat a jaguar a dwarf lord 2 white unicorns a gray unicorn 2 dust vortices 2 snakes 3 apes a human zombie a rope golem 3 snow ants a mountain nymph an orc shaman 3 rock piercers 2 rock moles 2 ponies 2 yellow lights 2 gnome lords a kobold mummy a ghoul a paper golem a wax golem 5 giant ants a little dog 3 floating eyes 7 dwarves 2 kobold lords 7 rothes a rabid rat 5 giant bats 10 orc zombies 5 dwarf zombies 3 iguanas 11 killer bees 5 hobbits a large kobold 2 hobgoblins 5 cave spiders a brown mold a green mold 25 gnomes a garter snake a gnome zombie 6 geckos 5 jackals 3 foxes a kobold 3 goblins 2 sewer rats 2 grid bugs 3 lichens 2 kobold zombies 6 newts 241 creatures vanquished. Voluntary challenges: You went without food. You never hit with a wielded weapon. You read items or engraved 17 times. You put on armor 27 times. You never genocided any monsters. You never polymorphed an object. You never changed form. You used no wishes. You abstained from Elbereth's help. You never encountered a bones level. You never used any Sokoban shortcuts. Dungeon overview: The Dungeons of Doom: levels 1 to 11 Level 1 (Ninf) a long staircase Level 2 an altar, a fountain Level 3 a general store, a sink Level 4 stairs to The Gnomish Mines Level 5 a fountain Level 7 a general store, some fountains Level 8 a sink Level 10 a fountain stairs to Sokoban Level 11 <- You were here a fountain a long staircase The Gnomish Mines: levels 5 to 7 Level 5 stairs to The Dungeons of Doom Sokoban: Level 9 a magic chest stairs to The Dungeons of Doom History has recorded: On T:1 you entered the Dungeons of Doom to retrieve the Amulet of Yendor! On T:315 you advanced to experience level 2. On T:751 you advanced to experience level 3. On T:922 you reached level 3 of The Dungeons of Doom. On T:933 you advanced to experience level 4. On T:1255 you reached level 4 of The Dungeons of Doom. On T:1408 you reached level 1 of The Gnomish Mines. On T:1409 you advanced to experience level 5. On T:1588 you advanced to experience level 6. On T:1930 you reached level 2 of The Gnomish Mines. On T:2072 you advanced to experience level 7. On T:2263 you refused a wish. On T:2742 you reached level 3 of The Gnomish Mines. On T:3347 you advanced to experience level 8. On T:3356 you reached level 5 of The Dungeons of Doom. On T:3554 you reached level 6 of The Dungeons of Doom. On T:3983 you reached level 7 of The Dungeons of Doom. On T:4152 you advanced to experience level 9. On T:6689 you advanced to experience level 10. On T:6852 you reached level 8 of The Dungeons of Doom. On T:7468 you reached level 9 of The Dungeons of Doom. On T:8149 you reached level 10 of The Dungeons of Doom. On T:8962 you reached level 3 of Sokoban. On T:9273 you reached level 11 of The Dungeons of Doom. Latest messages: [HP+1=9] [HP+1=10] [HP+1=11] The giant mummy turns to flee! [HP+1=12] [HP+1=13] [HP+1=14] [HP+1=15] [HP+1=16] [HP+1=17] [HP+1=18] [HP+1=19] [HP+1=20] [HP+1=21] [HP+1=22] [HP+1=23] [HP+1=24] [HP+1=25] The ghoul hits! (2x) The mumak butts! You die... Final status: Goodbye Arrhythmia the Convict... You died in The Dungeons of Doom on dungeon level 11 with 15786 points, and 51 pieces of gold, after 9753 moves. You were level 10 with a maximum of 123 hit points when you died.